AoeStats
← Chris Becker

Arena

509422678Analyzed
4v4 RM · 6d ago on Sep 26, 2026· 43m 44s· 8 players
Game mode
Random Map
Map size
Large (8 player)
Population
200
Speed
Normal
Resources
Standard
Victory
Conquest
Starting age
Dark Age
Ending age
Imperial Age
RankedLock teamsTeams togetherTeam positionsShared explorationLock speedFull tech treeHidden civsTurbo modeCheats
Victory
Defeat
🇺🇸 Persians · United States
1610
+12
🇺🇸 Aztecs · United States
1583
+13
🇺🇸 Vietnamese · United States
1545
+14
🇷🇪 Japanese · Réunion
1124
+29
🇹🇷 Khmer · Türkiye
1533
-18
🇩🇪 Saracens · Germany
1514
-17
🇲🇽 Tupi · Mexico
1502
-17
🇺🇸 Slavs · United States
1452
-16
Anatoly
10:52 Feudal Age
13:52 Castle Age
12:10 Double-Bit Axe
12:18 Horse Collar
13:12 Gold Mining
13:13 Stone Mining
15:20 Bow Saw
16:07 Loom
30:29 Wheelbarrow
31:44 Town Watch
31:42 Pikeman
32:50 Heavy Plow
34:44 Scale Mail Armor
34:55 Forging
36:25 Chain Mail Armor
40:23 Imperial Age
40:52 Iron Casting
40:49 Halberdier
41:01 Heavy Scorpion
PaRappa56
10:21 Feudal Age
14:01 Castle Age
13:20 Double-Bit Axe
13:17 Horse Collar
14:06 Loom
14:07 Town Watch
16:34 Bow Saw
20:10 Scale Barding Armor
21:06 Forging
20:33 Light Cavalry
21:54 Bloodlines
22:03 Husbandry
24:52 Chain Barding Armor
25:34 Heavy Plow
27:06 Iron Casting
27:00 Gold Mining
27:00 Stone Mining
27:51 Wheelbarrow
32:52 Imperial Age
31:18 Hand Cart
31:46 Fletching
31:56 Scale Mail Armor
32:35 Gold Shaft Mining
32:41 Bodkin Arrow
32:26 Pikeman
33:06 Squires
33:04 Halberdier
34:57 Chemistry
34:29 Conscription
35:47 Plate Barding Armor
36:12 Blast Furnace
36:43 Chain Mail Armor
36:05 Onager
37:30 Siege Engineers
37:36 Masonry
38:54 Man-at-Arms
39:36 Druzhina
40:52 Siege Onager
42:14 Plate Mail Armor
42:41 Ballistics
Chris Becker
10:15 Feudal Age
14:50 Castle Age
12:54 Horse Collar
14:06 Double-Bit Axe
19:15 Loom
22:21 Wheelbarrow
24:18 Bow Saw
24:53 Heavy Plow
25:06 Gold Mining
25:44 Hand Cart
29:43 Imperial Age
28:37 Gold Shaft Mining
29:42 Scale Barding Armor
29:48 Forging
30:21 Bloodlines
30:12 Husbandry
30:51 Chain Barding Armor
30:10 Heavy Camel Rider
32:03 Conscription
33:20 Two-Man Saw
32:25 Light Cavalry
edengr7
9:47 Feudal Age
13:51 Castle Age
12:33 Double-Bit Axe
14:37 Loom
18:05 Horse Collar
19:15 Fletching
22:22 Bow Saw
22:12 Heavy Plow
24:18 Gold Mining
24:18 Stone Mining
24:45 Redemption
26:27 Sanctity
26:41 Bodkin Arrow
33:34 Wheelbarrow
36:11 Imperial Age
33:53 Padded Archer Armor
35:35 Leather Archer Armor
37:05 Gold Shaft Mining
37:14 Bracer
39:26 Curare
41:08 Chemistry
41:23 Hand Cart
41:27 Guard Tower
44:43 Keep
Jaxto
9:58 Feudal Age
14:26 Castle Age
12:42 Double-Bit Axe
15:44 Horse Collar
18:35 Loom
22:43 Wheelbarrow
23:48 Light Cavalry
24:38 Bloodlines
26:44 Heavy Plow
26:55 Bow Saw
26:31 Town Watch
27:31 Scale Barding Armor
28:51 Forging
31:51 Hand Cart
31:59 Gold Mining
32:00 Stone Mining
34:44 Imperial Age
33:00 Chain Barding Armor
33:44 Gold Shaft Mining
34:09 Husbandry
34:49 Iron Casting
34:27 Cavalier
35:57 Savar
37:42 Town Patrol
38:26 Plate Barding Armor
38:52 Blast Furnace
39:23 Two-Man Saw
38:55 Crop Rotation
39:35 Chemistry
42:29 Conscription
caterpie
10:35 Feudal Age
14:35 Castle Age
13:10 Double-Bit Axe
14:32 Loom
15:26 Gold Mining
16:36 Wheelbarrow
17:26 Bow Saw
19:02 Fervor
19:17 Horse Collar
20:48 Sanctity
26:40 Heavy Plow
29:21 Hand Cart
32:51 Ballistics
35:16 Imperial Age
33:18 Crossbowman
33:49 Fletching
34:00 Padded Archer Armor
34:31 Bodkin Arrow
34:55 Padded Archer Armor
36:08 Bracer
37:17 Chemistry
37:08 Leather Archer Armor
37:15 Conscription
36:45 Arbalester
39:35 Gold Shaft Mining
40:45 Scale Mail Armor
40:56 Forging
41:57 Chain Mail Armor
42:20 Iron Casting
42:08 Garland Wars
43:18 Plate Mail Armor
42:39 Eagle Warrior
43:05 Arson
43:20 Squires
44:22 Blast Furnace
43:26 Atlatl
44:02 Caravan
44:33 Coinage
43:33 Elite Eagle Warrior
2rich4u81
10:34 Feudal Age
14:24 Castle Age
12:30 Double-Bit Axe
12:56 Horse Collar
15:36 Bow Saw
15:29 Heavy Plow
22:58 Wheelbarrow
28:07 Imperial Age
25:24 Loom
26:41 Scale Barding Armor
26:46 Forging
26:41 Gold Mining
26:42 Stone Mining
27:06 Fletching
27:46 Chain Barding Armor
27:38 Bloodlines
27:58 Husbandry
29:25 Iron Casting
29:34 Devotion
30:55 Chatras
32:27 Hand Cart
34:20 Two-Man Saw
33:51 Crop Rotation
39:24 Elite Battle Elephant
41:44 Paper Money
42:34 Plate Barding Armor
42:52 Fletching
43:03 Padded Archer Armor
44:50 Stone Shaft Mining
Heinrich Joseph
10:01 Feudal Age
13:37 Castle Age
11:20 Horse Collar
11:47 Double-Bit Axe
15:47 Bow Saw
18:50 Loom
24:26 Wheelbarrow
28:02 Imperial Age
26:22 Fletching
26:53 Gold Mining
27:03 Bodkin Arrow
28:26 Padded Archer Armor
27:52 Crossbowman
29:16 Bracer
31:09 Chemistry
30:58 Ballistics
31:52 Leather Archer Armor
31:48 Masonry
31:35 Arbalester
32:55 Thumb Ring
33:13 Heavy Plow
33:29 Guard Tower
34:57 Hand Cart
35:44 Two-Man Saw
35:24 Ring Archer Armor
36:56 Gold Shaft Mining
37:11 Keep
36:46 Arrowslits
37:14 Yasama
38:23 Hoardings
38:08 Conscription
38:56 Siege Engineers
39:06 Scale Mail Armor
39:16 Forging
40:08 Chain Mail Armor
39:51 Stone Mining
40:22 Heavy Scorpion
40:45 Treadmill Crane
41:02 Murder Holes
41:17 Fortified Wall
42:04 Plate Mail Armor
41:00 Pikeman
42:01 Squires
41:46 Arson
42:38 Iron Casting
43:01 Scale Barding Armor
45:04 Blast Furnace
Connection lost

Rejoining the realm…

Still unreachable

The connection could not be restored.

Session expired

The server has moved on; the page needs a fresh start.